 Dungeon Crawl Stone Soup version 0.31.0-32-g396128a36d (webtiles) character file.

Game seed: 4309411985496915917

38 PaiMei the Grave Robber (level 3, -5/21 (24) HPs)
             Began as a Demonspawn Necromancer on Apr 2, 2024.
             Slain by Terence
             ... wielding a +0 flail of draining
              (6 damage)
             ... on level 2 of the Dungeon.
             The game lasted 00:02:05 (1444 turns).

PaiMei the Grave Robber (Demonspawn Necromancer)    Turns: 1444, Time: 00:02:06

HP:   -5/21 (24)    AC:  2    Str:  8    XL:     3   Next: 25%
MP:   0/6           EV: 12    Int: 17    God:
Gold: 114           SH:  0    Dex: 13    Spells: 5/6 levels left

rFire   . . .        h - +0 dagger
rCold   . . .        (no shield)
rNeg    . . .        a - +0 robe
rPois   .            (helmet restricted)
rElec   .            (no cloak)
rCorr   .            (no gloves)
SInv    .            (no boots)
Will    .....        (no amulet)
Stlth   ++           (no ring)
HPRegen 0.23/turn    (no ring)
MPRegen 0.10/turn

%: no passive effects
@: heavily drained
A: horns 2
a: no special abilities


You were on level 2 of the Dungeon.
You visited 1 branch of the dungeon, and saw 2 of its levels.

You collected 114 gold pieces.

Inventory:

Hand Weapons
 h - a +0 dagger (weapon)
Missiles
 i - 2 javelins
Armour
 a - a +0 robe (worn)
Scrolls
 c - 2 scrolls of teleportation {unknown}
 d - 5 scrolls of identify {unknown}
Potions
 b - a potion of magic
 e - a potion of berserk rage {unknown}
 f - a potion of heal wounds {unknown}
 g - a potion of attraction {unknown}


   Skills:
 + Level 2.2 Dodging
 + Level 2.3 Stealth
 + Level 2.4 Spellcasting
 + Level 4.7 Necromancy


You had 5 spell levels left.
You knew the following spells:

 Your Spells              Type           Power      Damage    Failure   Level
a - Necrotise             Necr           72%        1d7       2%          1

Your spell library contained the following spells:

 Spells                   Type           Power      Damage    Failure   Level
 Vampiric Draining        Necr           18%        2d7       8%          3
 Animate Dead             Necr           18%        N/A       26%         4
 Ensorcelled Hibernation  Hex/Ice        4%         N/A       28%         2
 Passwall                 Erth           2%         N/A       50%         3
 Swiftness                Air            2%         N/A       50%         3
 Curse of Agony           Necr           18%        N/A       58%         5


Dungeon Overview and Level Annotations

Branches:
Dungeon (2/15)

Altars:
Trog

Annotations:
D:2 Terence


Innate Abilities, Weirdness & Mutations

You have a pair of horns on your head.


Message History

Aiming: Necrotise (safe; 2% risk of failure)
Press: ? - help, Shift-Dir - straight line, f/p - Terence
Aim: Terence, wielding a +0 flail of draining and wearing a +0 scale mail (heavily wounded, chance to affect: 83%) Terence writhes in agony!
Terence hits you with a +0 flail of draining!
You feel drained.
Casting: Necrotise (safe; 2% risk of failure)
Confirm with . or Enter, or press ? or * to list all spells.
Aiming: Necrotise (safe; 2% risk of failure)
Press: ? - help, Shift-Dir - straight line, f/p - Terence
Aim: Terence, wielding a +0 flail of draining and wearing a +0 scale mail (severely wounded, chance to affect: 83%) Terence writhes in agony.
Terence hits you with a +0 flail of draining!
* * * LOW HITPOINT WARNING * * *
You feel drained.
* * * LOW HITPOINT WARNING * * *
Casting: Necrotise (safe; 2% risk of failure)
Confirm with . or Enter, or press ? or * to list all spells.
You don't have enough magic to cast this spell.
Casting: Necrotise (safe; 2% risk of failure)
Confirm with . or Enter, or press ? or * to list all spells.
You don't have enough magic to cast this spell.
Casting: Necrotise (safe; 2% risk of failure)
Confirm with . or Enter, or press ? or * to list all spells.
You don't have enough magic to cast this spell.
Casting: Necrotise (safe; 2% risk of failure)
Confirm with . or Enter, or press ? or * to list all spells.
You don't have enough magic to cast this spell.
You hit Terence but do no damage.
Terence is almost dead.
Terence closely misses you.
You hit Terence but do no damage. You headbutt Terence, but do no damage.
Terence is almost dead.
Terence closely misses you.
Your magical contamination has completely faded away.
You hit Terence but do no damage.
Terence is almost dead.
Terence hits you with a +0 flail of draining.
You die...
Terence says, "Time to find some more victims."

##########
#######....>...#
......@@#.####.#
#######...# #.#
######### #.#
....<...###.#
#.#####.....#
##.##### #...##
#.# ##...## ...
..
..###.#...#####
###.. .###
#.............#


You could see Terence.

Vanquished Creatures
  An adder (D:2)
  A ribbon worm (D:2)
  6 ball pythons
  3 bats (D:1)
  2 endoplasms (D:1)
  2 goblins (D:1)
  A hobgoblin (D:1)
  5 kobolds
  2 frilled lizards (D:1)
  5 rats
28 creatures vanquished.

Notes
Turn   | Place    | Note
-------+----------+-------------------------------------------
     0 | D:1      | PaiMei the Demonspawn Necromancer began the quest for the
                  | Orb.
     0 | D:1      | Reached XP level 1. HP: 13/13 MP: 3/3
   262 | D:1      | Gained mutation: You have a pair of small horns on your
                  | head. [demonic ancestry]
   262 | D:1      | Reached XP level 2. HP: 19/19 MP: 1/5
  1198 | D:2      | Found a bloodstained altar of Trog.
  1255 | D:2      | Gained mutation: You have a pair of horns on your head.
                  | [demonic ancestry]
  1255 | D:2      | Reached XP level 3. HP: 24/24 MP: 4/6
  1433 | D:2      | Noticed Terence
  1441 | D:2      | HP: 1/21 [Terence/+0 flail of draining (4)]
  1444 | D:2      | Slain by Terence

Illustrated notes

Levels and vault maps discovered:
D:1:      sevenhm_arrival_forest_fort_large_2, layout_loops_cross
D:2:      layout_loops_ring, basic_altar, uniq_terence

Skill      XL: |  1 |
---------------+----+-----
Dodging        | 2 |  2.2
Stealth        | 2 |  2.3
Spellcasting   | |  2.4
Necromancy     | |  4.7

Action                     || total
---------------------------++-------
  Melee: Unarmed           ||     6
         Punch             ||     1
         Dagger            ||     4
         Headbutt          ||     1
   Cast: Necrotise         ||    49
 Armour: Robe              ||    10
  Dodge: Dodged            ||    24
